 Dungeon Crawl Stone Soup version 0.31-a0-844-gdc52ec4e09 (webtiles) character file.

Game seed: 16535115734801869652

65 arthad the Digger (level 3, -3/19 HPs)
             Began as a Deep Elf Earth Elementalist on Sept 30, 2023.
             Slain by an ogre
             ... wielding a +0 giant club
              (22 damage)
             ... on level 4 of the Dungeon.
             The game lasted 00:02:54 (977 turns).

arthad the Digger (Deep Elf Earth Elementalist)      Turns: 977, Time: 00:02:54

Health: -3/19      AC:  2    Str:  5    XL:     3   Next: 92%
Magic:  5/10       EV: 13    Int: 21    God:
Gold:   29         SH:  5    Dex: 15    Spells: 5/9 levels left

rFire   . . .        (no weapon)
rCold   . . .        (no shield)
rNeg    . . .        a - +0 robe
rPois   .            (no helmet)
rElec   .            (no cloak)
rCorr   .            (no gloves)
SInv    .            (no boots)
Will    .....        f - amulet of reflection
Stlth   ++           (no ring)
HPRegen 0.23/turn    (no ring)
MPRegen 0.12/turn

%: reflection
@: no status effects
A: no striking features
a: no special abilities


You were on level 4 of the Dungeon.
You visited 1 branch of the dungeon, and saw 3 of its levels.

You collected 29 gold pieces.

Inventory:

Armour
 a - a +0 robe (worn)
Jewellery
 f - an amulet of reflection (around neck)
Scrolls
 e - a scroll of teleportation
 g - 3 scrolls of brand weapon
Potions
 b - a potion of magic
 c - a potion of heal wounds {unknown}
 h - a potion of berserk rage {unknown}
 i - a potion of lignification {unknown}


   Skills:
 + Level 3.1 Dodging
 + Level 3.2 Stealth
 + Level 3.6 Spellcasting
 + Level 2.0 Transmutations
 + Level 3.8 Earth Magic


You had 5 spell levels left.
You knew the following spells:

 Your Spells              Type           Power      Damage    Failure   Level
a - Sandblast             Erth           40%        2d10      2%          1
b - Stone Arrow           Conj/Erth      22%        3d8       17%         3

Your spell library contained the following spells:

 Spells                   Type           Power      Damage    Failure   Level
 Passwall                 Tmut/Erth      13%        N/A       5%          2
 Petrify                  Tmut/Erth      16%        N/A       36%         4
 Brom's Barrelling Bould  Conj/Erth      11%        2d3       50%         4


Dungeon Overview and Level Annotations

Branches:
Dungeon (4/15)
 Temple: D:4-7

Altars:

Shops:
D:1 (


Message History

You kill the orc!
The kobold shouts!
You hear an angry hiss.
An adder comes into view.
You can't see any susceptible monsters within range! (Use Z to cast anyway.)
There is a stone staircase leading down here.
The blast of sand hits the orc!
You kill the orc!
The blast of sand hits the adder.
The adder is heavily wounded.
The blast of sand hits the adder!
You kill the adder!
Your Transmutations skill increases to level 2!
The blast of sand hits the kobold!
You kill the kobold!
Things that are here:
a +0 short sword; a kobold corpse
Things that are here:
a +0 club; a +0 leather armour; an orc corpse
Things that are here:
a +0 short sword; a kobold corpse A ball python comes into view.
You hear the slow rusting of a drain nearby.
A ball python is nearby!
The blast of sand hits the ball python!
You kill the ball python!
An ogre comes into view. It is wielding a +0 giant club.
An ogre comes into view. It is wielding a +0 giant club.
The blast of sand hits the ogre!
The ogre is moderately wounded.
The ogre shouts!
The blast of sand hits the ogre.
The ogre is heavily wounded.
The ogre misses you.
The blast of sand hits the ogre!
The ogre is almost dead.
The ogre barely misses you.
The blast of sand misses the ogre.
The ogre hits you with a +0 giant club!!
Ouch! That really hurt!
You die...

......'..######.###.#
......#### #.# ....)
#####.## ...)
#......# #.. #......#
.. #......# .
####......#
#....O....#
#....@....#
#...O###....# #....
###### #.... #....
#.... #.... #....


You could see 2 ogres.

Vanquished Creatures
  2 adders
  A worm (D:2)
  2 dart slugs
  3 orcs (D:4)
  An endoplasm (D:1)
  A giant cockroach (D:1)
  3 goblins (D:1)
  5 hobgoblins (D:1)
  5 ball pythons
  3 bats
  2 frilled lizards (D:1)
  6 kobolds
  3 rats
37 creatures vanquished.

Notes
Turn   | Place    | Note
-------+----------+-------------------------------------------
     0 | D:1      | arthad the Deep Elf Earth Elementalist began the quest for
                  | the Orb.
     0 | D:1      | Reached XP level 1. HP: 10/10 MP: 6/6
   137 | D:1      | Reached XP level 2. HP: 15/15 MP: 6/8
   467 | D:1      | Found Yppurgh's Weapon Boutique.
   746 | D:1      | Reached XP level 3. HP: 19/19 MP: 7/9
   750 | D:1      | Learned a level 3 spell: Stone Arrow
   904 | D:2      | You fall into a shaft and drop 2 floors!
   971 | D:4      | Noticed an ogre
   973 | D:4      | Noticed an ogre
   977 | D:4      | Slain by an ogre

Illustrated notes

Levels and vault maps discovered:
D:1:      minmay_arrival_radiant_lines, layout_loops_ring, serial_shops,
          nicolae_shop_peninsula, minmay_3d_cube
D:2:      layout_rooms, grunt_ministairs_7
D:4:      layout_basic, gup_sewer_entry_pipe

Skill      XL: |  1  2  3 |
---------------+----------+-----
Stealth        | 3 |  3.2
Dodging        | 3 |  3.1
Transmutations | 2 |  2.0
Spellcasting   | |  3.6
Earth Magic    | |  3.8

Action                     || total
---------------------------++-------
   Cast: Sandblast         ||    53
    Use: Scroll            ||     2
 Armour: Robe              ||     3
  Dodge: Dodged            ||     4

Table legend: (Time is in decaauts)
 A = Elapsed time spent in this place.
 B = Non-inter-level travel time spent in this place.
 C = Inter-level travel time spent in this place.
 D = Time resting spent in this place.
 E = Time spent auto-exploring this place.
 F = Levels seen in this place.
 G = Mean time per level.
                   A        B        C        D        E       F      G
               +--------+--------+--------+--------+--------+-----+--------+
         Total |   1002 |    994 |      8 |      0 |    776 |   3 |  334.0 |
       Dungeon |   1002 |    994 |      8 |      0 |    776 |   3 |  334.0 |
               +--------+--------+--------+--------+--------+-----+--------+

Top non-repeatable levels by time:
     D:1: 804 daAuts
     D:2: 119 daAuts
     D:4: 78 daAuts
